 Dungeon Crawl Stone Soup version 0.21-a0-538-gd16b88a (webtiles) character file.

45 slep the Chopper (level 3, -2/27 HPs)
             Began as a Demonspawn Gladiator on Dec 17, 2017.
             Slain by a wyvern zombie (11 damage)
             ... on level 2 of the Dungeon.
             The game lasted 00:02:18 (902 turns).

slep the Chopper (Demonspawn Gladiator)              Turns: 902, Time: 00:02:19

Health: -2/27      AC: 10    Str: 15    XL:     3   Next: 42%
Magic:  3/3        EV:  7    Int:  9    God:
Gold:   62         SH:  2    Dex: 14    Spells: 2/2 levels left

rFire    . . .     SeeInvis .   a - +0 war axe
rCold    . . .     Gourm    .   (no shield)
rNeg     . . .     Faith    .   j - +0 chain mail (curse)
rPois    .         Spirit   .   c - +0 helmet
rElec    .         Reflect  +   (no cloak)
rCorr    .         Harm     .   e - +0 pair of gloves
MR       .....                  (no boots)
Stlth    ..........             k - +2 amulet of reflection
HPRegen  0.09/turn              (no ring)
MPRegen  0.08/turn              (no ring)

@: no status effects
A: hooves 2
a: no special abilities


You were on level 2 of the Dungeon.
You were not hungry.

You visited 1 branch of the dungeon, and saw 2 of its levels.

You collected 62 gold pieces.

Inventory:

Hand Weapons
 a - a +0 war axe (weapon)
Missiles
 d - 3 throwing nets (quivered)
Armour
 b - a +0 leather armour
 c - a +0 helmet (worn)
 e - a +0 pair of gloves (worn)
 j - a cursed +0 chain mail (worn)
Jewellery
 k - a +2 amulet of reflection (around neck)
Scrolls
 g - a scroll of immolation {unknown}
 i - a scroll of enchant weapon {unknown}
 l - a scroll of random uselessness {unknown}
 m - a scroll of teleportation {unknown}
 n - a scroll of identify {unknown}
 p - a scroll of fear {unknown}
Potions
 o - a potion of invisibility {unknown}
 q - a potion of flight {unknown}
Comestibles
 f - a bread ration
 h - a royal jelly


   Skills:
 + Level 2.1 Fighting
 + Level 3.5 Axes
 + Level 1.8 Throwing
 + Level 0.2 Armour
 + Level 3.2 Dodging


You had 2 spell levels left.
You didn't know any spells.

Dungeon Overview and Level Annotations

Branches:
Dungeon (2/15)

Altars:


Innate Abilities, Weirdness & Mutations

You have hoof-like feet.


Message History

The wyvern zombie barely misses you.
You hit the wyvern zombie.
You kick the wyvern zombie, but do no damage.
The wyvern zombie is lightly damaged.
The wyvern zombie bites you but does no damage.
The wyvern zombie closely misses you.
You barely miss the wyvern zombie.
The wyvern zombie is lightly damaged.
The wyvern zombie bites you. You block the wyvern zombie's attack.
You slash the wyvern zombie! You kick the wyvern zombie.
The wyvern zombie is heavily damaged.
The wyvern zombie bites you but does no damage.
You slash the wyvern zombie!
The wyvern zombie is severely damaged.
The wyvern zombie barely misses you.
The wyvern zombie bites you but does no damage.
You hit the wyvern zombie.
The wyvern zombie is severely damaged.
The wyvern zombie bites you!
You die...

........##.# ..
#(...#........##.#
.#+#.... ............ .
#......##.........#.# ..
+......##(....#...#..
...#......##.....#...#)#
...?......#..........#..
#....Z.##..........#.#
#....@###............#
##...................#
#...................#
#.......####....#...#
##......####.........
#......##...........
##.....##...........
##+#####.......(..[
#....##)....


You could see a wyvern zombie.

Vanquished Creatures
  An adder (D:2)
  An ooze (D:1)
  3 dart slugs
  A ball python (D:1)
  6 bats
  2 giant cockroaches
  2 goblins (D:1)
  3 hobgoblins (D:1)
  2 frilled lizards
  2 kobolds
  3 rats
26 creatures vanquished.

Notes
Turn   | Place    | Note
-------+----------+-------------------------------------------
     0 | D:1      | slep the Demonspawn Gladiator began the quest for the Orb.
     0 | D:1      | Reached XP level 1. HP: 16/16 MP: 1/1
    47 | D:1      | Gained mutation: You have large cloven feet. [demonic ancestry]
    47 | D:1      | Reached XP level 2. HP: 5/22 MP: 2/2
   788 | D:2      | Gained mutation: You have hoof-like feet. [demonic ancestry]
   788 | D:2      | Reached XP level 3. HP: 27/27 MP: 3/3
   902 | D:2      | Slain by a wyvern zombie

Vault maps used:
D:1:      dpeg_arrival_pits

Skill      XL: |  1 |
---------------+----+-----
Axes           | 3 |  3.5
Dodging        | 3 |  3.2
Fighting       | |  2.1
Throwing       | |  1.8
Armour         | |  0.2

Action                   || total
-------------------------++-------
Melee: War axe           ||    73
       Kick              ||    19
Armor: Leather armour    ||     7
       Chain mail        ||    39
Dodge: Dodged            ||    42
Block: Other             ||     7

Table legend:
 A = Spawn XP
 B = Non-spawn XP
 C = Spawn XP percentage of total XP
 D = Spawn monster count
 E = Non-spawn monster count
 F = Spawn count percentage of total count
 G = Total turns spent on level
                    A         B        C        D         E        F      G
               +---------+---------+-------+---------+---------+-------+---------
         Total |       0 |      65 |   0.0 |       0 |      26 |   0.0 |   902
               +---------+---------+-------+---------+---------+-------+---------
           D:1 |       0 |      36 |   0.0 |       0 |      16 |   0.0 |   690
           D:2 |       0 |      29 |   0.0 |       0 |      10 |   0.0 |   212
               +---------+---------+-------+---------+---------+-------+---------
